[Event "Titled Tuesday Blitz October 5 2021"]
[White "Timofeev, Artyom"]
[Black "Djordjevic, Vuk"]
[WhiteFideId "4140419"]
[BlackFideId "902098"]
[WhiteElo "2591"]
[BlackElo "2463"]
[Result "1-0"]
[Round "03"]
[TimeControl "180+1"]
[Date "2021.10.05"]
[WhiteClock "0:00:40"]
[BlackClock "0:00:02"]

1. c4 e5 2. e3 Nc6 3. Nc3 g6 4. g3 Bg7 5. Bg2 d6 6. d3 Nge7 7. Nge2 Bg4 8. h3 Be6 9. Nd5 Qd7 10. Nec3 O-O 11. h4 h6 12. Bd2 Nd8 13. Nxe7+ Qxe7 14. h5 g5 15. g4 Qd7 16. Bf3 f5 17. gxf5 Bxf5 18. Be4 Bg4 19. Qb3 c6 20. Ne2 Ne6 21. Bb4 a5 22. Ba3 a4 23. Qc2 d5 24. Bg6 Rfd8 25. O-O-O b5 26. Rhg1 Bf3 27. Rg3 g4 28. Bf5 Qf7 29. Bxg4 Bxg4 30. Rxg4 Qxf2 31. Rdg1 Qxe3+ 32. Kb1 dxc4 33. dxc4 Rd2 34. Qg6 Qxe2 35. Qxe6+ Kh8 36. Rc1 Qd3+ 37. Ka1 Rd1 38. Rg1 Rxg1 39. Rxg1 Rd8 40. Qg4 Rd7 41. Bf8 Qd4 42. Bxg7+ Kg8 43. Qxd4 exd4 44. Bxd4+ Kf8 45. Bc3 bxc4 46. a3 Rd5 47. Bg7+ Ke7 48. Bxh6 Rxh5 49. Bd2 Kd6 50. Bc3 Kc5 51. Ka2 Kb5 52. Rg8 c5 53. Ra8 Kb6 54. Rxa4 Rh4 55. Ra8 Kb5 56. Rb8+ Kc6 57. a4 Rh7 58. a5 Ra7 59. Ka3 Rh7 60. Ka4 Rh1 61. Rb6+ Kd5 62. Kb5 1-0


[Site "https://www.chess.com"]

[Event "Titled Tuesday Blitz October 5 2021"]
[White "Tologon tegin, Semetei"]
[Black "Lashkin, Jegor"]
[WhiteFideId "13800574"]
[BlackFideId "13907808"]
[WhiteElo "2224"]
[BlackElo "2293"]
[Result "1-0"]
[Round "03"]
[TimeControl "180+1"]
[Date "2021.10.05"]
[WhiteClock "0:00:15"]
[BlackClock "0:00:04"]

1. d4 Nf6 2. c4 e6 3. Nc3 d5 4. cxd5 exd5 5. Bg5 c6 6. e3 g6 7. Bd3 Bg7 8. Nge2 O-O 9. O-O Re8 10. Qc2 Nbd7 11. Rad1 Nf8 12. Kh1 Ne6 13. Bh4 b5 14. a3 Qb6 15. f3 a5 16. Bf2 Nh5 17. e4 Nhf4 18. exd5 Nxd3 19. Qxd3 cxd5 20. Nxd5 Qd8 21. Ndf4 Nxf4 22. Nxf4 Bf5 23. Qd2 Rc8 24. Rc1 Qd6 25. Ne2 Be6 26. Nc3 Bc4 27. Ne4 Qd7 28. Rfe1 f5 29. Nc5 Rxe1+ 30. Qxe1 Qd8 31. Ne6 Qe8 32. Nxg7 Qxe1+ 33. Bxe1 Kxg7 34. Bxa5 Re8 35. a4 Ra8 36. b4 Re8 37. axb5 Bxb5 38. Bb6 Re2 39. h4 Rd2 40. Bc5 Kh6 41. Kh2 f4 42. Re1 Kh5 43. Re5+ Kh6 44. Bf8# 1-0


[Site "https://www.chess.com"]

[Event "Titled Tuesday Blitz October 5 2021"]
[White "Trent, Lawrence"]
[Black "Fier, Alexandr"]
[WhiteFideId "408638"]
[BlackFideId "2107139"]
[WhiteElo "2474"]
[BlackElo "2569"]
[Result "1-0"]
[Round "03"]
[TimeControl "180+1"]
[Date "2021.10.05"]
[WhiteClock "0:00:09"]
[BlackClock "0:00:13"]

1. e4 Nf6 2. e5 Nd5 3. Bc4 Nb6 4. Bb3 c5 5. d3 Nc6 6. Nf3 Na5 7. O-O Nxb3 8. axb3 d6 9. exd6 e6 10. Bg5 Qxd6 11. Nc3 Bd7 12. Re1 Bc6 13. Ne5 Nd7 14. Nc4 Qc7 15. d4 cxd4 16. Qxd4 h6 17. Bf4 Qd8 18. Nd6+ Bxd6 19. Bxd6 Qf6 20. Qb4 Qg6 21. Bg3 h5 22. Ne4 Bxe4 23. Rxe4 b6 24. Bd6 f5 25. Re3 Kf7 26. Rae1 Rhe8 27. Rg3 Qh6 28. Bf4 Qf6 29. Qd2 Nc5 30. Be5 Qh6 31. Qxh6 gxh6 32. Rg7+ Kf8 33. Rh7 Rad8 34. h3 Rd7 35. Rxh6 Ke7 36. Rxh5 Kd8 37. Bc3 Kc8 38. Rh6 Rde7 39. Be5 Rd7 40. Bf4 Rde7 41. Be5 Rd7 42. f3 Kb7 43. b4 Na4 44. b3 Rc8 45. bxa4 Rxc2 46. a5 Rdd2 47. Rg6 Ka6 48. Rg7 Kb5 49. Bf4 Kxb4 50. axb6 Rd8 51. b7 e5 52. b8=Q+ Rxb8 53. Bxe5 Rbc8 54. Rb7+ Kc4 55. Rc7+ Rxc7 56. Bxc7 Kd3 57. Bf4 a5 58. Ra1 Rc5 59. h4 Kc2 60. h5 Kb2 61. Re1 a4 62. h6 Rc7 63. Be5+ Kb3 64. Bg7 a3 65. h7 1-0


[Site "https://www.chess.com"]

[Event "Titled Tuesday Blitz October 5 2021"]
[White "Tristan, Leonardo"]
[Black "Khusnutdinov, Rustam"]
[WhiteFideId "113816"]
[BlackFideId "13701703"]
[WhiteElo "2404"]
[BlackElo "2571"]
[Result "0-1"]
[Round "03"]
[TimeControl "180+1"]
[Date "2021.10.05"]
[WhiteClock "0:00:06"]
[BlackClock "0:00:18"]

1. d4 d5 2. Nf3 e6 3. Bf4 c5 4. e3 Nc6 5. Nbd2 Nf6 6. c3 Nh5 7. Bg5 Qb6 8. dxc5 Bxc5 9. b4 Bf8 10. b5 Na5 11. Nb3 h6 12. Bh4 g5 13. Nfd4 Nf6 14. Bg3 Ne4 15. Bd3 Nxg3 16. hxg3 Bg7 17. g4 Bd7 18. a4 Rc8 19. O-O O-O 20. Rc1 Rc7 21. Nxa5 Qxa5 22. c4 Rfc8 23. c5 Qb4 24. Qb3 Qxb3 25. Nxb3 Bb2 26. Rb1 Ba3 27. b6 axb6 28. cxb6 Rc3 29. Bb5 Bxb5 30. axb5 Bb4 31. Rb2 Kg7 32. Ra1 R3c4 33. Ra7 Rb8 34. f3 Kf6 35. Kf2 Ke7 36. Nd4 Kd6 37. Nb3 Rc3 38. Ke2 Bc5 39. Nxc5 Kxc5 40. Kd2 Rc4 41. Ra1 Kxb6 42. Rh1 Rh8 43. Ke2 Rc5 44. Rhb1 h5 45. Rh1 h4 46. Rhb1 Ra8 47. Kf2 Ra5 48. g3 hxg3+ 49. Kxg3 Raxb5 50. Rxb5+ Rxb5 51. Rh1 Rb3 52. Rh5 Rxe3 53. Rxg5 e5 54. Rf5 d4 55. Rxf7 Kc6 56. g5 d3 57. Kf2 Re2+ 58. Kf1 Ra2 59. g6 Ra1+ 60. Kf2 d2 61. Rf6+ Kc7 62. Rf7+ Kb6 63. Rd7 d1=Q 64. Rxd1 Rxd1 65. g7 Rd8 66. g8=Q Rxg8 0-1


[Site "https://www.chess.com"]

[Event "Titled Tuesday Blitz October 5 2021"]
[White "Viani Antonio Dcunha"]
[Black "Kovalev, Vladislav"]
[WhiteFideId "5027330"]
[BlackFideId "13504398"]
[WhiteElo "2366"]
[BlackElo "2573"]
[Result "0-1"]
[Round "03"]
[TimeControl "180+1"]
[Date "2021.10.05"]
[WhiteClock "0:00:13"]
[BlackClock "0:00:11"]

1. e4 e5 2. Nf3 Nc6 3. d4 exd4 4. Nxd4 Nf6 5. Nc3 Bb4 6. Nxc6 bxc6 7. Bd3 O-O 8. O-O d5 9. exd5 cxd5 10. Bg5 c6 11. Qf3 Bd6 12. Rae1 h6 13. Bxf6 Qxf6 14. Qxf6 gxf6 15. Nd1 Be6 16. Ne3 Rfe8 17. c4 Bb4 18. Rd1 d4 19. Nc2 c5 20. Nxb4 cxb4 21. Rfe1 Red8 22. Re4 Rac8 23. b3 Rc6 24. Kf1 Kg7 25. Rf4 a5 26. Bc2 Rcd6 27. Ke2 a4 28. Rd3 axb3 29. Bxb3 R6d7 30. c5 Rc7 31. Rfxd4 Rxd4 32. Rxd4 Rxc5 33. Rxb4 Bxb3 34. axb3 Rc2+ 35. Ke3 Rb2 36. Rb5 f5 37. h4 Kg6 38. Kf3 h5 39. g3 f6 40. Ke3 Kg7 41. f3 Kg6 42. Kf4 Rb1 43. Rb8 Rb2 44. Rb6 Rb1 45. Rb8 Rb2 46. b4 Rb3 47. b5 Rb4+ 48. Ke3 f4+ 49. gxf4 Kf5 50. Rh8 Rb3+ 51. Kd4 Kxf4 52. Rxh5 f5 53. Kc5 Rc3+ 54. Kb6 Rxf3 55. Ka7 Kg4 56. Rh8 Ra3+ 57. Kb7 f4 58. b6 f3 59. h5 f2 60. Rf8 Rf3 61. Rxf3 Kxf3 62. h6 f1=Q 63. h7 Qh3 64. Ka8 Qxh7 65. b7 Qe4 66. Ka7 Qa4+ 67. Kb8 Ke4 68. Kc8 Qc4+ 69. Kd7 Qb5+ 70. Kc7 Qc5+ 71. Kb8 Kd5 72. Ka8 Qa5+ 73. Kb8 Kd6 0-1


[Site "https://www.chess.com"]

[Event "Titled Tuesday Blitz October 5 2021"]
[White "Wagner, Dennis"]
[Black "Shuvalov, Evgenij"]
[WhiteFideId "24650684"]
[BlackFideId "4187237"]
[WhiteElo "2355"]
[BlackElo "2129"]
[Result "1-0"]
[Round "03"]
[TimeControl "180+1"]
[Date "2021.10.05"]
[WhiteClock "0:01:16"]
[BlackClock "0:00:17"]

1. d4 Nf6 2. c4 g6 3. h4 c6 4. Nc3 d5 5. cxd5 cxd5 6. Bf4 a6 7. e3 Nc6 8. Be2 h6 9. Rc1 Bg7 10. Nf3 O-O 11. Ne5 Bd7 12. Qb3 Na5 13. Qb4 b5 14. Nxd7 Nxd7 15. Nxd5 e5 16. Bg5 f6 17. Bd3 fxg5 18. Ne7+ Kf7 19. Bxg6+ Ke6 20. d5+ Kf6 21. Qd6# 1-0


[Site "https://www.chess.com"]

[Event "Titled Tuesday Blitz October 5 2021"]
[White "Warmerdam, Max"]
[Black "Bujisho, Benjamin"]
[WhiteFideId "1048104"]
[BlackFideId "608610"]
[WhiteElo "2537"]
[BlackElo "2371"]
[Result "1-0"]
[Round "03"]
[TimeControl "180+1"]
[Date "2021.10.05"]
[WhiteClock "0:00:09"]
[BlackClock "0:00:05"]

1. e4 c5 2. Nf3 d6 3. Bb5+ Bd7 4. Bxd7+ Nxd7 5. O-O Ngf6 6. Qe2 e6 7. c3 Be7 8. d4 O-O 9. Rd1 Qc7 10. Na3 a6 11. Nc2 d5 12. e5 Ne8 13. h4 Qc6 14. a4 f5 15. Bg5 Rf7 16. dxc5 Nxc5 17. Ncd4 Qd7 18. c4 Nc7 19. Rac1 Bf8 20. a5 h6 21. Be3 Ne4 22. h5 Qe8 23. Nh4 Rd7 24. Ng6 Rad8 25. f3 Ng3 26. Qe1 Nxh5 27. Nxf8 Kxf8 28. c5 f4 29. Bf2 g5 30. c6 bxc6 31. Rxc6 Ng7 32. Rdc1 Nb5 33. Nxb5 axb5 34. a6 d4 35. Qe4 Kg8 36. Rd1 Nf5 37. Rb6 Rd5 38. a7 Ra8 39. Ra1 d3 40. Rb7 d2 41. Rd1 Qc8 42. Rb6 Kf7 43. Rd6 Qc1 44. Rxd5 Qxd1+ 45. Kh2 exd5 46. Qxf5+ Ke8 47. Qe6+ Kf8 48. Qxh6+ Ke8 49. Qe6+ Kf8 50. Qd6+ Kg8 51. Qxd5+ Kh7 52. Qe4+ Kg7 53. Qb7+ Kg6 54. Qxa8 Qe2 55. Qg8+ Kf5 56. Qf7+ Kxe5 57. Qe7+ 1-0


[Site "https://www.chess.com"]

[Event "Titled Tuesday Blitz October 5 2021"]
[White "Yaksin, Oleg"]
[Black "Visakh N R"]
[WhiteFideId "24105880"]
[BlackFideId "25012223"]
[WhiteElo "2256"]
[BlackElo "2454"]
[Result "0-1"]
[Round "03"]
[TimeControl "180+1"]
[Date "2021.10.05"]
[WhiteClock "0:00:04"]
[BlackClock "0:00:49"]

1. d4 Nf6 2. c4 c5 3. d5 e6 4. g3 exd5 5. cxd5 d6 6. Bg2 g6 7. Nc3 Bg7 8. Nf3 O-O 9. O-O Re8 10. Bf4 Ne4 11. Rc1 Nxc3 12. bxc3 Bg4 13. Re1 Bxf3 14. Bxf3 Qe7 15. Qb3 b6 16. c4 Nd7 17. Bg2 Ne5 18. Bd2 h5 19. h3 Qf8 20. f4 Nd7 21. e4 Bd4+ 22. Be3 Qg7 23. Kh2 h4 24. g4 Re7 25. Rcd1 Rae8 26. Bxd4 cxd4 27. Qb2 Qf6 28. Qf2 g5 29. Rf1 Nc5 30. Rxd4 gxf4 31. Re1 f3 32. Bxf3 Nxe4 33. Qg2 Qxd4 34. Bxe4 Rxe4 0-1


[Site "https://www.chess.com"]

[Event "Titled Tuesday Blitz October 5 2021"]
[White "Yakubboev, Nodirbek"]
[Black "Arabidze, Meri"]
[WhiteFideId "14203987"]
[BlackFideId "13604040"]
[WhiteElo "2464"]
[BlackElo "2432"]
[Result "0-1"]
[Round "03"]
[TimeControl "180+1"]
[Date "2021.10.05"]
[WhiteClock "0:00:11"]
[BlackClock "0:00:04"]

1. d4 d5 2. c4 e6 3. Nf3 Nf6 4. Nc3 Nbd7 5. Bg5 h6 6. Bh4 Be7 7. e3 O-O 8. Qc2 c5 9. cxd5 Nxd5 10. Bxe7 Qxe7 11. dxc5 Nxc5 12. Rc1 Nb4 13. Qb1 Rd8 14. Rd1 Bd7 15. a3 Nc6 16. Be2 Be8 17. O-O a6 18. b4 Nd7 19. Ne4 Nde5 20. Qb2 Qc7 21. Rxd8 Rxd8 22. Rc1 Nxf3+ 23. gxf3 Qe5 24. Qxe5 Nxe5 25. f4 Bc6 26. fxe5 Bxe4 27. f3 Bc6 28. Rc2 Kf8 29. Kf2 Ra8 30. e4 Ke7 31. Ke3 g5 32. f4 gxf4+ 33. Kxf4 Kd7 34. Rc3 Bb5 35. Bxb5+ axb5 36. Rh3 Ke7 37. Rc3 Kd7 38. Rd3+ Ke7 39. Rh3 Ra6 40. Rc3 Kd7 41. Kg4 Ra8 42. Kh5 Rh8 43. Rc5 Ra8 44. Rxb5 Rxa3 45. Rxb7+ Ke8 46. Kxh6 Rh3+ 47. Kg5 Rxh2 48. b5 Rg2+ 49. Kf4 Rf2+ 50. Ke3 Rb2 51. Kd4 Rb4+ 52. Kc5 Rxe4 53. b6 Rxe5+ 54. Kc6 Re1 55. Ra7 Rc1+ 56. Kd6 Rd1+ 57. Kc7 Rc1+ 58. Kb8 f5 59. Rc7 Rb1 60. b7 f4 61. Kc8 f3 62. Rc3 f2 63. Rf3 Rc1+ 64. Kb8 f1=Q 65. Rxf1 Rxf1 66. Kc7 Rc1+ 67. Kd6 Rb1 68. Kxe6 Rxb7 0-1


[Site "https://www.chess.com"]

[Event "Titled Tuesday Blitz October 5 2021"]
[White "Zhigalko, Sergei"]
[Black "Fataliyeva, Ulviyya"]
[WhiteFideId "13502956"]
[BlackFideId "13403052"]
[WhiteElo "2662"]
[BlackElo "2240"]
[Result "1-0"]
[Round "03"]
[TimeControl "180+1"]
[Date "2021.10.05"]
[WhiteClock "0:00:36"]
[BlackClock "0:00:15"]

1. e4 c6 2. d4 d5 3. e5 Bf5 4. Nf3 e6 5. Be2 c5 6. Be3 Nc6 7. dxc5 Qc7 8. O-O Nge7 9. Na3 a6 10. c4 Rd8 11. cxd5 Nxd5 12. Qb3 Nxe3 13. Qxe3 Rd5 14. Rac1 Nxe5 15. b4 Ng4 16. Qc3 Be7 17. h3 Bf6 18. Qb3 h5 19. Nc4 Be4 20. Nd6+ Rxd6 21. cxd6 Qxd6 22. Rfd1 Bd5 23. Rc8+ Bd8 24. Bc4 Kd7 25. Bxd5 1-0


[Site "https://www.chess.com"]

[Event "Titled Tuesday Blitz October 5 2021"]
[White "Aditya Mittal"]
[Black "Estrada Nieto, Julian"]
[WhiteFideId "35042025"]
[BlackFideId "5101018"]
[WhiteElo "2245"]
[BlackElo "2270"]
[Result "1-0"]
[Round "04"]
[TimeControl "180+1"]
[Date "2021.10.05"]
[WhiteClock "0:00:06"]
[BlackClock "0:00:01"]

1. c4 e5 2. Nc3 Nf6 3. g3 d5 4. cxd5 Nxd5 5. Bg2 Nb6 6. e3 Be7 7. Nge2 O-O 8. f4 exf4 9. Nxf4 N8d7 10. O-O Nf6 11. Qc2 c6 12. b3 Nbd5 13. Ncxd5 Nxd5 14. Bb2 Nxf4 15. Rxf4 Be6 16. Raf1 a5 17. Be4 g6 18. h4 f5 19. Qc3 Bf6 20. Qc2 Bxb2 21. Qxb2 Qd7 22. Bg2 Rad8 23. R1f2 Bd5 24. e4 Be6 25. exf5 Bxf5 26. g4 Bxg4 27. Rxf8+ Rxf8 28. Rxf8+ Kxf8 29. Qh8+ Ke7 30. Qxh7+ Kf6 31. Qh8+ Kf5 32. Qf8+ Ke5 33. Qf2 Qd4 34. Bf1 Bf5 35. Kg2 Qxf2+ 36. Kxf2 Bb1 37. a3 Bc2 38. b4 axb4 39. axb4 Be4 40. Ke3 Bf5 41. Bg2 Be6 42. d4+ Kf5 43. Be4+ Kg4 44. Bxg6 Kxh4 45. Kf4 Kh3 46. Ke5 Bd5 47. Bf5+ Kg3 48. Bc8 1-0


[Site "https://www.chess.com"]

[Event "Titled Tuesday Blitz October 5 2021"]
[White "Aggelis, Nikolaos"]
[Black "Acosta, Pablo Ismael"]
[WhiteFideId "4213220"]
[BlackFideId "124311"]
[WhiteElo "2154"]
[BlackElo "2318"]
[Result "0-1"]
[Round "04"]
[TimeControl "180+1"]
[Date "2021.10.05"]
[WhiteClock "0:01:56"]
[BlackClock "0:01:00"]

1. d4 Nf6 2. g3 g6 3. Bg2 Bg7 4. Nf3 O-O 5. O-O d6 6. b3 c6 7. Bb2 Bg4 8. Nbd2 Bxf3 9. Bxf3 Nbd7 10. e4 Qc7 11. Re1 e5 12. dxe5 Nxe5 13. Be2 Rfe8 14. Kg2 h5 15. h3 d5 16. exd5 Nxd5 17. c4 Nb4 18. Qb1 Rad8 19. Nf3 Nxf3 20. Kxf3 Rd2 21. Bxg7 Kxg7 22. Bf1 Qb6 23. Re2 Rexe2 24. Bxe2 Nc2 25. Qc1 Nd4+ 26. Kg2 Rxe2 27. Qf4 c5 28. Rd1 Qc6+ 29. Kf1 Qh1# 0-1


[Site "https://www.chess.com"]

[Event "Titled Tuesday Blitz October 5 2021"]
[White "Aloma Vidal, Robert"]
[Black "Salimova, Nurgyul"]
[WhiteFideId "2260409"]
[BlackFideId "2915138"]
[WhiteElo "2435"]
[BlackElo "2071"]
[Result "0-1"]
[Round "04"]
[TimeControl "180+1"]
[Date "2021.10.05"]
[WhiteClock "0:01:29"]
[BlackClock "0:01:42"]

1. e4 c5 2. c3 Nf6 3. e5 Nd5 4. Nf3 Nc6 5. Bc4 Nb6 6. Bb3 d5 7. exd6 Qxd6 8. Na3 Bf5 9. d4 e6 10. Nb5 Qd8 11. Bf4 Rc8 12. dxc5 Bxc5 13. Nd6+ Bxd6 14. Bxd6 Na5 15. O-O Nac4 16. Bxc4 Nxc4 17. Be5 Qxd1 18. Re1 Qxa1 0-1


[Site "https://www.chess.com"]

[Event "Titled Tuesday Blitz October 5 2021"]
[White "Al-Tarboush, Ward"]
[Black "Pert, Richard G"]
[WhiteFideId "7601450"]
[BlackFideId "404748"]
[WhiteElo "2296"]
[BlackElo "2441"]
[Result "1-0"]
[Round "04"]
[TimeControl "180+1"]
[Date "2021.10.05"]
[WhiteClock "0:00:05"]
[BlackClock "0:00:04"]

1. e4 c6 2. Nf3 d5 3. Nc3 Bg4 4. h3 Bxf3 5. Qxf3 Nf6 6. d3 e6 7. Bd2 Qb6 8. O-O-O d4 9. Ne2 c5 10. g4 Nc6 11. g5 Nd7 12. Qg3 O-O-O 13. e5 c4 14. dxc4 Ndxe5 15. Qb3 Qxb3 16. axb3 d3 17. Nc3 dxc2 18. Kxc2 Nd4+ 19. Kb1 Nxb3 20. Be3 Bb4 21. Bg2 Bxc3 22. bxc3 Nxc4 23. Bxa7 b6 24. Kc2 Nba5 25. Rd4 Rxd4 26. cxd4 Rd8 27. Ra1 Rxd4 28. Bxb6 Rd2+ 29. Kc3 Re2 30. Bxa5 Nxa5 31. Rxa5 Rxf2 32. Be4 Kd7 33. Kd4 h6 34. Ra7+ Kd6 35. Ra6+ Ke7 36. Ra7+ Kd6 37. Ra6+ Ke7 38. h4 hxg5 39. hxg5 Rf1 40. Ra7+ Kd6 41. Ra6+ Ke7 42. Ra5 Kd6 43. Bd3 Rf4+ 44. Ke3 Rg4 45. Kf3 Rg1 46. Kf4 f6 47. Ra6+ Ke7 48. Ra7+ Kd6 49. g6 e5+ 50. Ke3 Rg3+ 51. Kd2 Rg2+ 52. Kc3 Rg3 53. Kc4 Rg4+ 54. Kb3 Rg3 55. Kc2 Rg2+ 56. Kd1 Kd5 57. Rxg7 Kd4 58. Rd7+ Ke3 59. g7 e4 60. Bc4 Rg1+ 61. Kc2 Rg2+ 62. Kc3 f5 63. g8=Q Rxg8 64. Bxg8 f4 65. Bc4 f3 66. Rf7 Kf2 67. Bd5 Ke3 68. Bxe4 f2 69. Bd3 f1=Q 70. Bxf1 1-0


[Site "https://www.chess.com"]

[Event "Titled Tuesday Blitz October 5 2021"]
[White "Alvarez Calzadilla, Jose Avelino"]
[Black "Makarian, Rudik"]
[WhiteFideId "3526151"]
[BlackFideId "44105681"]
[WhiteElo "2529"]
[BlackElo "2480"]
[Result "0-1"]
[Round "04"]
[TimeControl "180+1"]
[Date "2021.10.05"]
[WhiteClock "0:01:12"]
[BlackClock "0:02:38"]

1. e4 c5 2. Nf3 e6 3. g3 Nc6 4. Bg2 Nf6 5. Qe2 d5 6. exd5 Nxd5 7. O-O Be7 8. Rd1 Qb6 9. Nc3 O-O 10. Nxd5 exd5 11. d4 Bg4 12. dxc5 Bxc5 13. c3 Rfe8 14. Qc2 Bxf3 15. Bxf3 Ne5 16. Bg2 Ng4 17. Rf1 d4 18. cxd4 Bxd4 19. h3 Rac8 20. Qd2 Nxf2 21. Rxf2 Bxf2+ 22. Qxf2 Re1+ 23. Bf1 Qxf2+ 24. Kxf2 Rcxc1 0-1


[Site "https://www.chess.com"]

[Event "Titled Tuesday Blitz October 5 2021"]
[White "Andreikin, Dmitry"]
[Black "Petesch, Gabriel"]
[WhiteFideId "4158814"]
[BlackFideId "2032465"]
[WhiteElo "2736"]
[BlackElo "2374"]
[Result "1-0"]
[Round "04"]
[TimeControl "180+1"]
[Date "2021.10.05"]
[WhiteClock "0:02:12"]
[BlackClock "0:00:03"]

1. e4 d5 2. exd5 Nf6 3. c4 c6 4. d4 cxd5 5. Nc3 g6 6. Qb3 Bg7 7. cxd5 O-O 8. Be2 Nbd7 9. Bf3 Nb6 10. Nge2 Bg4 11. Bxg4 Nxg4 12. Bf4 Nf6 13. d6 e6 14. O-O Qd7 15. Rac1 Rfc8 16. h3 Bf8 17. Be5 Ne8 18. Ne4 Nd5 19. Nc5 Rxc5 20. dxc5 Rc8 21. Nd4 f6 22. Bg3 Kg7 23. Rfe1 1-0


[Site "https://www.chess.com"]

[Event "Titled Tuesday Blitz October 5 2021"]
[White "Arabidze, Meri"]
[Black "Demchenko, Anton"]
[WhiteFideId "13604040"]
[BlackFideId "4160258"]
[WhiteElo "2432"]
[BlackElo "2583"]
[Result "0-1"]
[Round "04"]
[TimeControl "180+1"]
[Date "2021.10.05"]
[WhiteClock "0:00:03"]
[BlackClock "0:00:29"]

1. d4 d5 2. c4 e6 3. Nf3 Nf6 4. Nc3 c6 5. e3 a6 6. b3 Bb4 7. Bd2 O-O 8. Bd3 Nbd7 9. O-O Qe7 10. Qc2 e5 11. dxe5 Nxe5 12. Nxe5 Qxe5 13. cxd5 cxd5 14. Ne2 Bd6 15. g3 Bh3 16. Rfd1 Rac8 17. Bc3 Qh5 18. Nd4 Bb4 19. Bxb4 Rxc2 20. Bxc2 Re8 21. Rac1 Bd7 22. f3 Rxe3 23. Re1 Qe5 24. Bc3 Rxe1+ 25. Rxe1 Qc7 26. Re3 h5 27. Bf5 b6 28. Kg2 a5 29. h4 Kf8 30. Bb2 b5 31. Bxd7 Qxd7 32. Re2 b4 33. Rc2 Kg8 34. Nc6 Kh7 35. Bxf6 gxf6 36. Nd4 Qe7 37. Kf2 Qa7 38. Ke3 a4 39. Rc6 a3 40. Rc2 Kg6 41. Kd3 Qa6+ 42. Ke3 Qd6 43. g4 hxg4 44. Rg2 f5 45. fxg4 Qe5+ 46. Kd3 Qe4+ 0-1


[Site "https://www.chess.com"]

[Event "Titled Tuesday Blitz October 5 2021"]
[White "Berezin, Viktor"]
[Black "Tasev, Dejan"]
[WhiteFideId "14107872"]
[BlackFideId "936618"]
[WhiteElo "2310"]
[BlackElo "2253"]
[Result "1-0"]
[Round "04"]
[TimeControl "180+1"]
[Date "2021.10.05"]
[WhiteClock "0:00:20"]
[BlackClock "0:00:01"]

1. d4 Nf6 2. c4 g6 3. Nf3 Bg7 4. g3 O-O 5. Bg2 b6 6. O-O Bb7 7. Nc3 e6 8. Qc2 d6 9. e4 Nbd7 10. Rd1 Qe7 11. h3 a6 12. Be3 Rae8 13. b4 h6 14. a4 g5 15. a5 g4 16. Nh4 gxh3 17. Bxh3 Nh7 18. Bg2 bxa5 19. bxa5 Ba8 20. d5 Ne5 21. Ne2 Rb8 22. Rab1 c5 23. Rb6 Rxb6 24. axb6 Bb7 25. Bh3 f5 26. exf5 exd5 27. cxd5 Ng5 28. Bg2 Ng4 29. Ng6 Qe8 30. Bxg5 hxg5 31. Nxf8 Kxf8 32. f6 Nxf6 33. Nc3 Qh5 34. Qf5 Kg8 35. Re1 Ng4 36. Re4 Nf6 37. Re7 Ng4 38. Rxb7 Bxc3 39. Qe6+ Kh8 40. Rb8+ 1-0


[Site "https://www.chess.com"]

[Event "Titled Tuesday Blitz October 5 2021"]
[White "Bethke, Richard"]
[Black "Viani Antonio Dcunha"]
[WhiteFideId "12959243"]
[BlackFideId "5027330"]
[WhiteElo "2395"]
[BlackElo "2366"]
[Result "0-1"]
[Round "04"]
[TimeControl "180+1"]
[Date "2021.10.05"]
[WhiteClock "0:02:27"]
[BlackClock "0:02:10"]

1. e4 e5 2. Nf3 Nc6 3. Bc4 Nf6 4. d3 Bc5 5. O-O O-O 6. a4 a6 7. Re1 d6 8. h3 h6 9. c3 Be6 10. Nbd2 Re8 11. b4 Ba7 12. Qb3 d5 13. exd5 Bxd5 14. Bxd5 Qxd5 15. Qxd5 Nxd5 16. Bb2 Nf4 17. Re2 Nxe2+ 0-1


[Site "https://www.chess.com"]

[Event "Titled Tuesday Blitz October 5 2021"]
[White "Bilych, Olexiy"]
[Black "Hasman, Cengiz"]
[WhiteFideId "14156504"]
[BlackFideId "413364"]
[WhiteElo "2248"]
[BlackElo "2020"]
[Result "1-0"]
[Round "04"]
[TimeControl "180+1"]
[Date "2021.10.05"]
[WhiteClock "0:00:39"]
[BlackClock "0:00:20"]

1. e4 d6 2. d4 Nf6 3. Nc3 Nbd7 4. Nf3 e5 5. Bc4 Be7 6. O-O c6 7. a4 a5 8. Re1 Qc7 9. h3 h6 10. Be3 Nf8 11. d5 g5 12. Nd2 Ng6 13. Bf1 g4 14. hxg4 Nxg4 15. Nc4 Rg8 16. Kh1 c5 17. Nb5 Qd8 18. Be2 Nxe3 19. fxe3 f5 20. exf5 Bxf5 21. e4 Bxe4 22. Bh5 Bxg2+ 23. Kxg2 Kd7 24. Qg4+ Ke8 25. Bxg6+ Rxg6 26. Qxg6+ Kd7 27. Qe6+ Ke8 28. Nbxd6+ 1-0


[Site "https://www.chess.com"]

[Event "Titled Tuesday Blitz October 5 2021"]
[White "Bortnyk, Olexandr"]
[Black "Kovalev, Vladislav"]
[WhiteFideId "14120828"]
[BlackFideId "13504398"]
[WhiteElo "2723"]
[BlackElo "2573"]
[Result "0-1"]
[Round "04"]
[TimeControl "180+1"]
[Date "2021.10.05"]
[WhiteClock "0:00:04"]
[BlackClock "0:00:10"]

1. e4 e5 2. Nf3 Nc6 3. Bb5 a6 4. Ba4 Nf6 5. O-O Be7 6. Nc3 b5 7. Bb3 d6 8. Re1 Bg4 9. Nd5 Nd4 10. Nxe7 Qxe7 11. c3 Nxf3+ 12. gxf3 Bh5 13. d4 c5 14. a4 O-O 15. Bg5 c4 16. Bc2 h6 17. Bh4 Qe6 18. Re3 g5 19. Bg3 Bg6 20. Re2 Nh5 21. dxe5 dxe5 22. Rd2 Nf4 23. Rd6 Qh3 24. Qf1 Qh5 25. Bxf4 gxf4 26. Qg2 Kh7 27. Qg4 Rg8 28. Kh1 Rab8 29. a5 Rbd8 30. Rad1 Rxd6 31. Rxd6 Rb8 32. Kg2 b4 33. Qxh5 Bxh5 34. Rb6 Rd8 35. Rxb4 Rd2 36. Ba4 Rd3 37. Rxc4 Bxf3+ 38. Kf1 Rd2 39. Rc7 Rxb2 40. Ke1 Re2+ 41. Kd1 Ra2+ 42. Kc1 Rxa4 43. Rxf7+ Kg6 44. Re7 Kf6 45. Rb7 Rxa5 46. Rb6+ Kg5 47. Kd2 Bxe4 48. c4 Ra2+ 49. Kc3 Rc2+ 50. Kb3 Rxf2 51. Re6 Kf5 52. Re8 Rxh2 53. c5 Bd5+ 54. Kc3 Ke4 0-1


[Site "https://www.chess.com"]

[Event "Titled Tuesday Blitz October 5 2021"]
[White "Boyer, Mahel"]
[Black "Guliev, Logman"]
[WhiteFideId "45102422"]
[BlackFideId "13400061"]
[WhiteElo "2328"]
[BlackElo "2128"]
[Result "1-0"]
[Round "04"]
[TimeControl "180+1"]
[Date "2021.10.05"]
[WhiteClock "0:00:06"]
[BlackClock "0:00:05"]

1. e4 c5 2. d3 Nf6 3. g3 Nc6 4. Bg2 e6 5. f4 d5 6. Qe2 Nd4 7. Qd1 Be7 8. c3 Nc6 9. Qe2 O-O 10. Nf3 dxe4 11. dxe4 b6 12. O-O a5 13. Rd1 Qc7 14. Na3 Ba6 15. Nb5 Bxb5 16. Qxb5 Nxe4 17. Ne5 Nxe5 18. Bxe4 Ng4 19. Bxa8 Rd8 20. Bf3 Nf6 21. Be3 Nd5 22. Bf2 h5 23. c4 Nb4 24. Rxd8+ Qxd8 25. Rd1 Qf8 26. a3 Nc2 27. Qxb6 h4 28. Qxa5 hxg3 29. hxg3 g5 30. Qc3 Nd4 31. Bxd4 cxd4 32. Rxd4 Bc5 33. b4 Bxd4+ 34. Qxd4 Qh6 35. fxg5 Qh3 36. Qe5 Qh7 37. Be4 Qh5 38. Qf4 Qd1+ 39. Kh2 Qh5+ 40. Kg1 Qd1+ 41. Kh2 Qh5+ 42. Qh4 Qe2+ 43. Bg2 Qc2 44. c5 Kg7 45. c6 Kg8 46. Qh5 Kg7 47. b5 Qc5 48. Qh6+ Kg8 49. a4 Qc3 50. g6 fxg6 51. Qxg6+ Kf8 52. Qxe6 Kg7 53. Qd7+ Kg6 54. c7 Qh8+ 55. Qh3 Qe5 56. c8=Q Kf7 57. Qhf5+ Kg7 58. Qxe5+ 1-0


[Site "https://www.chess.com"]

[Event "Titled Tuesday Blitz October 5 2021"]
[White "Budrewicz, Krzysztof"]
[Black "Svane, Rasmus"]
[WhiteFideId "1127950"]
[BlackFideId "4657101"]
[WhiteElo "2242"]
[BlackElo "2643"]
[Result "0-1"]
[Round "04"]
[TimeControl "180+1"]
[Date "2021.10.05"]
[WhiteClock "0:01:16"]
[BlackClock "0:01:47"]

1. d4 d5 2. c4 e6 3. Nf3 a6 4. cxd5 exd5 5. Nc3 Nf6 6. Bg5 Be6 7. e3 Nbd7 8. Bd3 Bd6 9. O-O c6 10. Qc2 Qc7 11. Bh4 Bg4 12. Bg3 Bxg3 13. hxg3 Bh5 14. Rac1 Bg6 15. Bxg6 hxg6 16. Rfe1 O-O 17. a3 Rfe8 18. Nd2 Qd6 19. Na4 Re7 20. Nc5 Nxc5 21. Qxc5 Qd7 22. Qb6 Ne8 23. Nf3 f6 24. Qb4 Nd6 25. Nd2 Rd8 26. Qc3 Qf5 27. Qc2 Qh5 28. Qd1 Qh6 29. Qg4 Kf7 30. Red1 Rh8 31. Kf1 Nf5 32. Nf3 Rxe3 33. Re1 Qh1+ 34. Ng1 Rh2 0-1


[Site "https://www.chess.com"]